 Dungeon Crawl Stone Soup version 0.30-a0-691-g754fce4c43 (webtiles) character file.

Game seed: 7020471233807100710

169 Absynth the Sneak (level 5, -3/30 HPs)
             Began as a Kobold Brigand on Jan 19, 2023.
             Slain by an orc
             ... wielding a +0 hand axe
              (5 damage)
             ... on level 3 of the Dungeon.
             The game lasted 00:06:46 (2703 turns).

Absynth the Sneak (Kobold Brigand)                  Turns: 2703, Time: 00:06:47

Health: -3/30      AC:  4    Str:  8    XL:     5   Next: 79%
Magic:  6/6        EV: 15    Int: 15    God:
Gold:   110        SH:  0    Dex: 16    Spells: 6/6 levels left

rFire   . . .      SeeInvis .    a - +2 dagger
rCold   . . .      Faith    .    (no shield)
rNeg    . . .      Spirit   .    b - +0 robe
rPois   .          Reflect  .    (no helmet)
rElec   .          Harm     .    c - +0 cloak
rCorr   .          Rampage  .    k - +0 pair of gloves
Will    .....                    (no boots)
Stlth   +++++                    (no amulet)
HPRegen 0.25/turn                (no ring)
MPRegen 0.10/turn                (no ring)

@: no status effects
A: small, no large weapons, nightstalker 3
a: no special abilities


You were on level 3 of the Dungeon.
You visited 1 branch of the dungeon, and saw 3 of its levels.

You collected 110 gold pieces.

Inventory:

Hand Weapons
 a - a +2 dagger (weapon)
Missiles
 d - a poisoned dart (quivered)
 e - 3 curare-tipped darts
 i - 4 atropa-tipped darts
Armour
 b - a +0 robe (worn)
 c - a +0 cloak (worn)
 k - a +0 pair of gloves (worn)
Jewellery
 o - a ring of fire
Wands
 p - a wand of flame (17)
Scrolls
 g - a scroll of noise {unknown}
 s - 2 scrolls of immolation {unknown}
 u - a scroll of vulnerability {unknown}
Potions
 f - a potion of cancellation
 h - a potion of curing {unknown}
 j - a potion of haste
 l - a potion of heal wounds {unknown}
 m - a potion of flight {unknown}
 n - a potion of degeneration {unknown}
 q - a potion of magic {unknown}
 r - a potion of lignification {unknown}
 t - a potion of attraction {unknown}
 v - 2 potions of berserk rage {unknown}


   Skills:
 - Level 2.1 Fighting
 * Level 4.8 Short Blades
 - Level 2.1 Throwing
 + Level 2.8 Dodging
 * Level 6.9 Stealth
 + Level 1.2 Spellcasting


You had 6 spell levels left.
You didn't know any spells.
Your spell library was empty.

Dungeon Overview and Level Annotations

Branches:
Dungeon (3/15)

Altars:
Ashenzari


Innate Abilities, Weirdness & Mutations

You are small and have problems with some larger weapons.
You are completely attuned to the shadows.


Message History

Throw: 5 darts (poison)
Press: ? - help, Q - select action, (/) - cycle Shift-Dir - straight line, f/p - orc
Aim: an orc, wielding a +1 vampiric hand axe and quivering silver boomerangs (lightly wounded, poisoned, 62% to hit)
You throw a poisoned dart. The poisoned dart hits the orc.
The orc looks even sicker.
The orc attacks as you move away! The orc hits you with a +0 hand axe.
There is an escape hatch in the ceiling here.
The orc attacks as you move away! The orc closely misses you.
The orc attacks as you move away! The orc hits you with a +0 hand axe.
* * * LOW HITPOINT WARNING * * *
Throw: 4 darts (poison)
Press: ? - help, Q - select action, (/) - cycle Shift-Dir - straight line, f/p - orc
Aim: an orc, wielding a +1 vampiric hand axe and quivering silver boomerangs (moderately wounded, poisoned, 62% to hit)
You throw a poisoned dart. The poisoned dart hits the orc.
The orc looks even sicker.
The orc looks more healthy.
The orc misses you.
You closely miss the orc. The orc completely misses you.
The orc attacks as you move away! The orc completely misses you.
The orc attacks as you move away! The orc hits you but does no damage.
The orc throws a silver boomerang.
The silver boomerang closely misses you.
Throw: 3 darts (poison)
Press: ? - help, Q - select action, (/) - cycle Shift-Dir - straight line, f/p - orc
Aim: an orc, wielding a +1 vampiric hand axe and quivering silver boomerangs (heavily wounded, 62% to hit)
You throw a poisoned dart.
The poisoned dart closely misses the orc.
The poisoned dart barely misses the orc.
The poisoned dart hits the orc.
The orc is poisoned.
The orc hits you with a +0 hand axe.
* * * LOW HITPOINT WARNING * * *
Throw: 2 darts (poison)
Press: ? - help, Q - select action, (/) - cycle Shift-Dir - straight line, f/p - orc
Aim: an orc, wielding a +1 vampiric hand axe and quivering silver boomerangs (heavily wounded, 62% to hit)
You throw a poisoned dart. The poisoned dart hits the orc.
The orc looks even sicker.
The orc is heavily wounded.
The orc attacks as you move away! The orc hits you with a +0 hand axe.
You die...

#..~.~ # #.~≈~~..# .~~.~. .. #
#^~~≈~~~...# #~≈~♣ #.##
#~~~≈~....######~~.# #...
#.~~~~~...##.....≈.# ~....
##.~.~~~......####..# ≈##...
###.†~≈.~.....#######.####.###...
.....~~≈~~......@oo..(<..(.(.....
.##.~.~~~..†.#####o(..########...
.....~~~~...## ###..# #(..
.o....~~~.#..# #..## #...
...#.~.~~##### ####...#######...
#.##.≈≈≈~≈# #>...#.#≈~≈≈#####
#.##.~~≈≈≈≈# #.####.#~≈~≈#####
#.##..~≈≈≈≈≈ ##.# #.'≈~≈~'....
..##.~..≈≈≈ #..# ###~≈~≈###..


You could see 3 orcs.

Vanquished Creatures
  Crazy Yiuf (D:2)
  Jessica (D:2)
  A gnoll (D:1)
  2 adders (D:2)
  2 worms (D:2)
  2 dart slugs
  2 orcs
  5 ball pythons
  3 endoplasms
  2 giant cockroaches
  4 goblins
  7 hobgoblins
  13 jackals
  3 quokkas (D:1)
  5 bats
  6 frilled lizards
  5 kobolds (D:2)
  6 rats
70 creatures vanquished.

Vanquished Creatures (others)
  A fungus (D:2)
1 creature vanquished.

Grand Total: 71 creatures vanquished

Notes
Turn   | Place    | Note
-------+----------+-------------------------------------------
     0 | D:1      | Absynth the Kobold Brigand began the quest for the Orb.
     0 | D:1      | Reached XP level 1. HP: 12/12 MP: 1/1
   106 | D:1      | Reached XP level 2. HP: 17/17 MP: 2/2
   369 | D:1      | Reached XP level 3. HP: 19/21 MP: 3/3
   489 | D:1      | Reached skill level 6 in Stealth
  1204 | D:2      | Noticed Jessica
  1208 | D:2      | Killed Jessica
  1209 | D:2      | Reached XP level 4. HP: 26/26 MP: 4/4
  1535 | D:2      | Found a broken altar of Ashenzari.
  1633 | D:1      | Reached XP level 5. HP: 6/30 MP: 6/6
  1823 | D:2      | Reached skill level 1 in Spellcasting
  2224 | D:2      | Found a runed translucent door.
  2227 | D:2      | Noticed Crazy Yiuf
  2232 | D:2      | Killed Crazy Yiuf
  2703 | D:3      | Slain by an orc

Illustrated notes

Levels and vault maps discovered:
D:1:      minmay_arrival_open_corners, layout_basic
D:2:      layout_basic, basic_altar, minmay_hedge_maze,
          minmay_misc_feat_more_columns, st_stairs_8, nrook_mini_backslash,
          uniq_crazy_yiuf_cottage, uniq_jessica
D:3:      layout_rooms, mainiacjoe_overflow_paths, serial_rivers,
          chequers_serial_rivers_micro_c, chequers_serial_rivers_large_a,
          chequers_serial_rivers_marsh, chequers_serial_rivers_room_b,
          chequers_serial_rivers_marsh

Skill      XL: |  1  2  3  4  5 |
---------------+----------------+-----
Short Blades   | 3 4 |  4.8
Stealth        | 6 |  6.9
Dodging        | 2 |  2.8
Spellcasting   | 1 |  1.2
Fighting       | |  2.1
Throwing       | |  2.1

Action                   |  1- 3 |  4- 6 || total
-------------------------+-------+-------++-------
Melee: Dagger            |    76 |   133 ||   209
       Punch             |     1 |     2 ||     3
Throw: Dart              |       |    22 ||    22
  Use: Potion            |       |     2 ||     2
 Stab: Sleeping          |    20 |    13 ||    33
       Distracted        |       |     2 ||     2
Armor: Robe              |    11 |    34 ||    45
Dodge: Dodged            |    27 |   107 ||   134

Table legend: (Time is in decaauts)
 A = Elapsed time spent in this place.
 B = Non-inter-level travel time spent in this place.
 C = Inter-level travel time spent in this place.
 D = Time resting spent in this place.
 E = Time spent auto-exploring this place.
 F = Levels seen in this place.
 G = Mean time per level.
                   A        B        C        D        E       F      G
               +--------+--------+--------+--------+--------+-----+--------+
         Total |   2651 |   2536 |    115 |    232 |   1596 |   3 |  883.7 |
       Dungeon |   2651 |   2536 |    115 |    232 |   1596 |   3 |  883.7 |
               +--------+--------+--------+--------+--------+-----+--------+

Top non-repeatable levels by time:
     D:1: 1326 daAuts
     D:2: 998 daAuts
     D:3: 326 daAuts
